 Dungeon Crawl Stone Soup version 0.18-a0-1805-g8ab820f (webtiles) character file.

400 warlockg3 the Shield-Bearer (level 6, -3/38 HPs)
             Began as a Gargoyle Fighter on Apr 26, 2016.
             Slain by an ogre
             ... wielding a +0 giant club
              (14 damage)
             ... on level 4 of the Dungeon.
             The game lasted 00:22:35 (2970 turns).

warlockg3 the Shield-Bearer (Gargoyle Fighter)      Turns: 2970, Time: 00:22:36

Health: -3/38      AC: 12    Str: 22    XL:     6   Next: 84%
Magic:  6/6        EV:  8    Int:  8    God:
Gold:   118        SH: 10    Dex:  9    Spells: 0 memorised, 5 levels left

rFire  . . .     SeeInvis .     a - +0 flail
rCold  . . .     Gourm    .     b - +0 scale mail
rNeg   + . .     Faith    .     c - +0 shield
rPois  ∞         Spirit   .     (no helmet)
rElec  +         Dismiss  .     i - +0 cloak
rCorr  +         Reflect  .     (no gloves)
SustAt .         Harm     .     (no boots)
MR     .....                    (no amulet)
Stlth  ..........               (no ring)
                                p - ring of resist corrosion

@: not resistant to hostile enchantments, extremely unstealthy
A: negative energy resistance 1, electricity resistance, unbreathing,
petrification resistance, rot immunity, AC +4
a: no special abilities


You were on level 4 of the Dungeon.
You were very hungry.

You visited 1 branch of the dungeon, and saw 4 of its levels.

You collected 118 gold pieces.

Inventory:

Hand Weapons
 a - a +0 flail (weapon)
Armour
 b - a +0 scale mail (worn)
 c - a +0 shield (worn)
 i - a +0 cloak (worn)
Jewellery
 d - a cursed ring of loudness {unknown}
 p - a ring of resist corrosion (left hand)
 v - an uncursed amulet of guardian spirit {unknown}
Wands
 x - a wand of enslavement (13/24)
Scrolls
 f - a scroll of random uselessness {unknown}
 j - a scroll of remove curse {unknown}
 q - 2 scrolls of identify {unknown}
 s - a scroll of blinking {unknown}
 w - a scroll of immolation {unknown}
 y - a scroll of amnesia {unknown}
Potions
 g - 2 potions of agility {unknown}
 h - a potion of beneficial mutation {unknown}
 k - a potion of invisibility {unknown}
 m - a potion of brilliance {unknown}
 o - a potion of resistance {unknown}
 r - a potion of ambrosia {unknown}
 t - a potion of heal wounds {unknown}
Books
 e - a book of Minor Magic

   Spells                             Type                      Level
   a - Magic Dart                     Conjuration                  1
   b - Blink                          Translocation                2
   c - Call Imp                       Summoning                    2
   d - Repel Missiles                 Charms/Air                   2
   e - Slow                           Hexes                        2
   f - Conjure Flame                  Conjuration/Fire             3
   g - Mephitic Cloud                 Conjuration/Poison/Air       3
 z - a Necronomicon

   Spells                             Type                      Level
   a - Haunt                          Necromancy/Summoning         7
   b - Borgnjor's Revivification      Necromancy                   8
   c - Death's Door                   Charms/Necromancy            8
   d - Necromutation                  Transmutation/Necromancy     8
Comestibles
 l - a slice of pizza
 n - a beef jerky
 u - a royal jelly


   Skills:
 + Level 4.1 Fighting
 + Level 3.2 Maces & Flails
 + Level 4.8 Armour
 + Level 2.1 Dodging
 + Level 0.2 Stealth
 + Level 5.2 Shields


You had 5 spell levels left.
You didn't know any spells.

Dungeon Overview and Level Annotations

Branches:
Dungeon (4/15)
 Temple: D:4-7

Altars:
Elyvilon
Zin
The Shining One


Innate Abilities, Weirdness & Mutations

You are resistant to torment.
Your stone body is resilient (AC +4).
You are immune to poison.
You resist negative energy.
You are resistant to electric shocks.
You can survive without breathing.
You are immune to petrification.
You are immune to rotting.


Message History

You are too injured to fight recklessly!
You are too injured to fight recklessly!
You are too injured to fight recklessly!
You are too injured to fight recklessly!
You are too injured to fight recklessly!
You are too injured to fight recklessly!
You are too injured to fight recklessly!
Your shield prevents you from hitting the ogre.
The ogre is severely wounded.
The ogre closely misses you.
You hit the ogre.
The ogre is almost dead.
You block the ogre's attack.
You barely miss the ogre.
The ogre is almost dead.
The ogre barely misses you.
You barely miss the ogre.
The ogre is almost dead.
The ogre hits you with a giant club!
You die...

#.#.. ### #.#.### ..#
#.#... ..#### #.#..#
.....# ####.#..#
...#.###....#..####.#
.....#...............
.....#.#.####.#########.
....†#.#.##.#%..@O......
.#.#))......#.##########
.#.#..........#
.#.#..........#
.#.....#........
.......####...#.
.......# #...# ........
..... ..(....## .#


You could see an ogre.

Vanquished Creatures
  Grinder (D:3)
  A scorpion (D:4)
  4 gnolls (D:4)
  5 adders
  A shadow imp (D:3)
  2 worms (D:2)
  3 dart slugs
  2 giant geckos
  9 bats
  2 giant cockroaches
  8 goblins
  5 hobgoblins
  3 jackals (D:2)
  A quokka (D:2)
  3 giant newts
  4 kobolds
  5 rats
59 creatures vanquished.

Notes
Turn   | Place    | Note
--------------------------------------------------------------
     0 | D:1      | warlockg3 the Gargoyle Fighter began the quest for the Orb.
     0 | D:1      | Reached XP level 1. HP: 14/14 MP: 1/1
   520 | D:1      | Reached XP level 2. HP: 19/19 MP: 2/2
  1203 | D:1      | Reached XP level 3. HP: 24/24 MP: 3/3
  1395 | D:2      | Reached skill level 4 in Shields
  1399 | D:2      | Reached XP level 4. HP: 22/29 MP: 4/4
  1859 | D:2      | Reached skill level 1 in Dodging
  2169 | D:2      | Found a glowing golden altar of the Shining One.
  2169 | D:2      | Found a glowing silver altar of Zin.
  2169 | D:2      | Found a white marble altar of Elyvilon.
  2296 | D:3      | Noticed Grinder
  2301 | D:3      | Paralysed by Grinder for 5 turns
  2320 | D:3      | Paralysed by Grinder for 2 turns
  2347 | D:3      | Killed Grinder
  2347 | D:3      | Reached skill level 5 in Shields
  2347 | D:3      | Reached XP level 5. HP: 12/33 MP: 5/5
  2347 | D:3      | Reached XP level 6. HP: 14/38 MP: 6/6
  2970 | D:4      | Slain by an ogre

Vault maps used:
D:1:      lightli_iron_boxes
D:2:      good_gods_mini_temple
D:3:      uniq_grinder
D:4:      temple_fountains, first_bread

Skill      XL: |  1  2  3  4  5  6 |
---------------+-------------------+-----
Shields        | 4 5 |  5.2
Dodging        | 1 2 |  2.1
Fighting       | 4 |  4.1
Armour         | 4 |  4.8
Maces & Flails | 3 |  3.2
Stealth        | |  0.2

Action                   |  1- 3 |  4- 6 || total
-------------------------+-------+-------++-------
Melee: Flail             |   109 |   181 ||   290
  Use: Potion            |       |     2 ||     2
  Eat: Bread ration      |     1 |       ||     1
       Pizza             |       |     1 ||     1
Armor: Scale mail        |    46 |   101 ||   147
Dodge: Dodged            |    29 |    69 ||    98
Block: Shield            |    65 |   106 ||   171
